 Dungeon Crawl Stone Soup version 0.27-a0-931-g5a74e75d8f (webtiles) character file.

Game seed: 1210318378805447972

58 Alarkh the Insei (level 3, -18/28 HPs)
             Began as a Demonspawn Gladiator on Apr 10, 2021.
             Demolished by an ogre
             ... wielding a +0 giant club
              (27 damage)
             ... on level 2 of the Dungeon.
             The game lasted 00:01:11 (1268 turns).

Alarkh the Insei (Demonspawn Gladiator)             Turns: 1268, Time: 00:01:12

Health: -18/28     AC:  9    Str: 14    XL:     3   Next: 76%
Magic:  3/3        EV: 12    Int: 10    God:
Gold:   81         SH:  0    Dex: 14    Spells: 2/2 levels left

rFire    . . .     SeeInvis .     - Unarmed
rCold    . . .     Faith    .   (no shield)
rNeg     . . .     Spirit   .   a - +0 leather armour
rPois    .         Reflect  .   b - +0 helmet
rElec    .         Harm     .   g - +0 cloak
rCorr    .         Rampage  .   (no gloves)
Will     .....                  (no boots)
Stlth    +.........             (no amulet)
HPRegen  0.09/turn              e - +4 ring of protection
MPRegen  0.08/turn              (no ring)

@: mighty
A: powered by pain 1
a: no special abilities


You were on level 2 of the Dungeon.
You visited 1 branch of the dungeon, and saw 2 of its levels.

You collected 81 gold pieces.

Inventory:

Missiles
 c - 3 throwing nets (quivered)
Armour
 a - a +0 leather armour (worn)
 b - a +0 helmet (worn)
 g - a +0 cloak (worn)
Jewellery
 e - a +4 ring of protection (left hand)
Scrolls
 d - a scroll of summoning {unknown}
 h - a scroll of enchant armour {unknown}
 i - a scroll of fear {unknown}
 k - a scroll of identify {unknown}
 m - a scroll of silence {unknown}
Potions
 f - a potion of brilliance {unknown}
 j - a potion of haste {unknown}
 l - a potion of mutation {unknown}
 n - a potion of degeneration {unknown}


   Skills:
 + Level 2.8 Fighting
 - Level 1.7 Throwing
 - Level 2.6 Dodging
 * Level 3.9 Unarmed Combat


You had 2 spell levels left.
You didn't know any spells.
Your spell library was empty.

Dungeon Overview and Level Annotations

Branches:
Dungeon (2/15)

Altars:


Innate Abilities, Weirdness & Mutations

You sometimes gain a little power by taking damage.


Message History

No target in view!
No target in view!
No target in view!
No target in view!
No target in view!
No target in view!
No target in view!
No target in view!
You now have 81 gold pieces (gained 10).
You open the door.
An ogre comes into view. It is wielding a +0 giant club.
An ogre is nearby!
An ogre is nearby!
The ogre shouts!
There is an open door here.
You hit the ogre.
The ogre is moderately wounded.
The ogre closely misses you.
You barely miss the ogre.
The ogre is moderately wounded.
The ogre hits you with a +0 giant club!!
Ouch! That really hurt!
You focus on the pain.
You feel very mighty all of a sudden.
You are too injured to fight recklessly!
You completely miss the ogre.
The ogre is moderately wounded.
You punch the ogre!
The ogre is heavily wounded.
The ogre closely misses you.
You punch the ogre!
The ogre is almost dead.
The ogre barely misses you.
You hit the ogre.
The ogre is almost dead.
You barely miss the ogre.
The ogre is almost dead.
The ogre hits you with a +0 giant club!!
Ouch! That really hurt!
You die...

.....#.# # .....#.#
.....#.# ### .....#.#..
#.. .....#.#.# ..##
###...†#.# ..#
.......#.######.#
...†..>#........#####.##
.......#........@O......
.......#........########
.......'........#
......##........#
....####........# ....
#........# ####
#........# ##########


You could see an ogre.

Vanquished Creatures
  An adder (D:2)
  A worm (D:2)
  A dart slug (D:2)
  3 endoplasms (D:2)
  2 giant cockroaches
  4 goblins
  2 hobgoblins
  5 jackals
  A quokka (D:2)
  5 ball pythons
  2 bats (D:1)
  3 frilled lizards
  8 kobolds
  2 rats
40 creatures vanquished.

Notes
Turn   | Place    | Note
-------+----------+-------------------------------------------
     0 | D:1      | Alarkh the Demonspawn Gladiator began the quest for the
                  | Orb.
     0 | D:1      | Reached XP level 1. HP: 16/16 MP: 1/1
   130 | D:1      | Reached skill level 3 in Unarmed Combat
   278 | D:1      | Gained mutation: You sometimes gain a little power by
                  | taking damage. [demonic ancestry]
   278 | D:1      | Reached XP level 2. HP: 22/22 MP: 2/2
   947 | D:2      | Reached XP level 3. HP: 23/28 MP: 3/3
  1260 | D:2      | Noticed an ogre
  1268 | D:2      | Demolished by an ogre

Illustrated notes

Levels and vault maps discovered:
D:1:      roderic_dead_forest, layout_basic
D:2:      layout_basic, basic_ecumenical_altar, hangedman_feature_mirror

Skill      XL: |  1 |
---------------+----+-----
Unarmed Combat | 3 |  3.9
Fighting       | |  2.8
Throwing       | |  1.7
Dodging        | |  2.6

Action                   || total
-------------------------++-------
Melee: Unarmed           ||   147
       Punch             ||     4
 Stab: Sleeping          ||     1
Armor: Leather armour    ||    63
Dodge: Dodged            ||    78

Table legend: (Time is in decaauts)
 A = Elapsed time spent in this place.
 B = Non-inter-level travel time spent in this place.
 C = Inter-level travel time spent in this place.
 D = Time resting spent in this place.
 E = Time spent auto-exploring this place.
 F = Levels seen in this place.
 G = Mean time per level.
                   A        B        C        D        E       F      G
               +--------+--------+--------+--------+--------+-----+--------+
         Total |   1258 |   1238 |     20 |      0 |    972 |   2 |  629.0 |
       Dungeon |   1258 |   1238 |     20 |      0 |    972 |   2 |  629.0 |
               +--------+--------+--------+--------+--------+-----+--------+

Top non-repeatable levels by time:
     D:1: 861 daAuts
     D:2: 397 daAuts
